 Dungeon Crawl Stone Soup version 0.22.0-13-g43fe8f2 (webtiles) character file.

914 Faca the Poker (level 7, -1/61 HPs)
             Began as a Centaur Gladiator on Aug 16, 2018.
             Was an Initiate of Okawaru.
             Slain by an orc warrior
             ... wielding a +0 long sword
              (11 damage)
             ... on level 6 of the Dungeon.
             The game lasted 00:12:00 (5483 turns).

Faca the Poker (Centaur Gladiator)                  Turns: 5483, Time: 00:12:01

Health: -1/61      AC:  9    Str: 18      XL:     7   Next: 82%
Magic:  7/7        EV:  5    Int:  7      God:    Okawaru [......]
Gold:   222        SH:  0    Dex: 10 (11) Spells: 6/6 levels left

rFire    + . .     SeeInvis .   a - +0 trident
rCold    + . .     Gourm    .   (no shield)
rNeg     . . .     Faith    .   t - +0 chain mail
rPois    .         Spirit   .   c - +0 helmet
rElec    .         Reflect  .   j - scarf {rC+ rF+}
rCorr    +         Harm     .   (no gloves)
MR       .....                  (no barding)
Stlth    ..........             (no amulet)
HPRegen  0.20/turn              k - +1 ring of protection
MPRegen  0.10/turn              v - ring of resist corrosion

@: very quick
A: large, hooves 3, deformed body, speed 2, tough skin 3
a: Renounce Religion


You were on level 6 of the Dungeon.
You worshipped Okawaru.
Okawaru was noncommittal.
You were not hungry.

You visited 2 branches of the dungeon, and saw 7 of its levels.

You collected 282 gold pieces.
You spent 60 gold pieces at shops.

Inventory:

Hand Weapons
 a - a +0 trident (weapon)
 y - the +10 hunting sling of Extremism {flame, -Tele rF++ rC+ Dex+4}
   (You found it on level 5 of the Dungeon)

   It causes projectiles fired from it to burn those they strike, causing extra
   injury to most foes and up to half again as much damage against particularly
   susceptible opponents.
   It affects your dexterity (+4).
   It greatly protects you from fire.
   It protects you from cold.
   It prevents most forms of teleportation.
Missiles
 d - a throwing net (quivered)
 m - 89 arrows
Armour
 c - a +0 helmet (worn)
 j - a scarf of resistance (worn)
 t - a +0 chain mail (worn)
Jewellery
 k - a +1 ring of protection (left hand)
 v - a ring of resist corrosion (right hand)
Wands
 g - a wand of disintegration (14)
 A - a wand of digging (14)
Scrolls
 b - a scroll of enchant weapon {unknown}
 h - 2 scrolls of teleportation
 i - 4 scrolls of magic mapping {unknown}
 l - a scroll of blinking {unknown}
 n - 4 scrolls of remove curse {unknown}
 p - 6 scrolls of identify {unknown}
 u - 5 scrolls of fog {unknown}
 B - a scroll of amnesia {unknown}
Potions
 e - 3 potions of brilliance {unknown}
 o - a potion of cancellation {unknown}
 q - 3 potions of flight {unknown}
 r - a potion of resistance {unknown}
 s - a potion of ambrosia {unknown}
 w - 2 potions of curing
 x - 2 potions of lignification {unknown}
 z - a potion of heal wounds
Comestibles
 f - 8 rations


   Skills:
 + Level 5.4 Fighting
 * Level 7.2 Polearms
 - Level 2.1 Throwing
 - Level 2.1 Dodging


You had 6 spell levels left.
You didn't know any spells.
Your spell library was empty.

Dungeon Overview and Level Annotations

Branches:
Dungeon (6/15)             Temple (1/1) D:6

Altars:
Ashenzari
Dithmenos
Elyvilon
Gozag
Nemelex Xobeh
Okawaru
Qazlal
Ru
Sif Muna
Trog
The Shining One

Shops:
D:5 *

Annotations:
D:4 Grinder
D:5 Eustachio


Innate Abilities, Weirdness & Mutations

You have hooves in place of feet.
Armour fits poorly on your strangely shaped body.
You cover ground very quickly.
You have extremely tough skin. (AC +3)


Message History

You hear a shout!
You hit the orc warrior but do no damage.
The orc warrior is heavily wounded.
The orc warrior hits you with a long sword!
You barely miss the orc warrior.
The orc warrior is heavily wounded.
The orc warrior hits you with a long sword!!
* * * LOW HITPOINT WARNING * * *
You hit the orc warrior but do no damage.
Your kick misses the orc warrior.
The orc warrior is heavily wounded.
The orc warrior hits you but does no damage.
You hit the orc warrior but do no damage.
The orc warrior is heavily wounded.
A quokka comes into view.
You hit the orc warrior but do no damage.
You kick the orc warrior, but do no damage.
The orc warrior is heavily wounded.
The orc warrior hits you with a long sword!
You die...

. ###### #.####....#
......r.#.#####
......#.......##
#...o.....#
..o....##o##..#####
#.##.##
#@##......#### #
#.###.###.....
#.............
#####.######## #..
#.# #.# #.# #.# #.#
#.# #.# #.#
#######.##########.#


You could see an orc warrior, an orc and a quokka.

Vanquished Creatures
  An ice beast (D:5)
  A sky beast (D:5)
  An ogre (D:6)
  A bullfrog (D:6)
  A water moccasin skeleton (D:5)
  2 crimson imps
  A hound (D:4)
  2 orc priests (D:5)
  4 orc wizards
  Ijyb (D:3)
  2 worker ants (D:4)
  7 gnolls
  4 adders
  3 oozes
  An adder zombie (D:5)
  2 worms
  A dart slug (D:5)
  4 leopard geckos
  7 orcs
  5 bats
  3 giant cockroaches
  10 goblins
  5 hobgoblins
  4 jackals
  5 kobolds
  3 quokkas
  3 ball pythons
  7 frilled lizards
  A leopard gecko zombie (D:6)
  4 rats
96 creatures vanquished.

Notes
Turn   | Place    | Note
-------+----------+-------------------------------------------
     0 | D:1      | Faca the Centaur Gladiator began the quest for the Orb.
     0 | D:1      | Reached XP level 1. HP: 17/17 MP: 1/1
    47 | D:1      | Reached skill level 3 in Polearms
    67 | D:1      | Reached XP level 2. HP: 21/24 MP: 2/2
   785 | D:2      | Reached XP level 3. HP: 29/30 MP: 3/3
   918 | D:2      | Found a stormy altar of Qazlal.
  1357 | D:3      | Reached skill level 4 in Polearms
  1357 | D:3      | Reached XP level 4. HP: 23/37 MP: 4/4
  2070 | D:3      | Noticed Ijyb
  2072 | D:3      | Reached XP level 5. HP: 39/45 MP: 5/5
  2114 | D:3      | Killed Ijyb
  2325 | D:3      | Reached skill level 5 in Polearms
  2814 | D:4      | Got a spiked leather armour
  2825 | D:4      | Identified the +1 leather armour "Ushridang" {+Inv rN+ MR-} (You found it on level 4 of the Dungeon)
  2896 | D:4      | Reached XP level 6. HP: 46/52 MP: 6/6
  2939 | D:4      | Noticed Grinder
  2948 | D:4      | Paralysed by Grinder for 7 turns
  3682 | D:5      | Entered Level 5 of the Dungeon
  3792 | D:5      | Reached skill level 6 in Polearms
  3930 | D:5      | Found a shadowy altar of Dithmenos.
  3938 | D:5      | Found Faqaqaim's General Store.
  3960 | D:5      | Bought a potion of heal wounds for 60 gold pieces
  3984 | D:5      | Reached XP level 7. HP: 56/60 MP: 7/7
  4015 | D:5      | Got a steaming hunting sling
  4016 | D:5      | Identified the +10 hunting sling of Extremism {flame, -Tele rF++ rC+ Dex+4} (You found it on level 5 of the Dungeon)
  4112 | D:5      | Noticed Eustachio
  4202 | D:5      | Found a bloodstained altar of Trog.
  4202 | D:5      | Found a shattered altar of Ashenzari.
  4510 | D:5      | Found a white marble altar of Elyvilon.
  4730 | D:5      | Reached skill level 5 in Fighting
  4980 | D:6      | Found a staircase to the Ecumenical Temple.
  4994 | D:6      | Reached skill level 7 in Polearms
  5288 | Temple   | Entered the Ecumenical Temple
  5366 | Temple   | Became a worshipper of Warmaster Okawaru
  5483 | D:6      | Slain by an orc warrior

Skill      XL: |  1  2  3  4  5  6  7 |
---------------+----------------------+-----
Polearms       | 3 4 5 6 7 |  7.2
Fighting       | 3 4 5 |  5.4
Throwing       | |  2.1
Dodging        | |  2.1

Action                   |  1- 3 |  4- 6 |  7- 9 || total
-------------------------+-------+-------+-------++-------
Melee: Trident           |   108 |   180 |    88 ||   376
       Kick              |    15 |    46 |    21 ||    82
Throw: Throwing net      |       |     2 |       ||     2
  Use: Potion            |       |     3 |       ||     3
       Scroll            |       |     1 |     1 ||     2
  Eat: Ration            |     1 |     2 |     1 ||     4
Armor: Leather armour    |     3 |       |       ||     3
       Ring mail         |    38 |    10 |       ||    48
       Chain mail        |       |    59 |    37 ||    96
Dodge: Dodged            |    38 |    33 |    21 ||    92
